 Dungeon Crawl Stone Soup version 0.26.1-11-gd32895ea62 (webtiles) character file.

Game seed: 14481718027560545789

1666 dredge the Carver (level 8, -2/71 HPs)
             Began as a Minotaur Berserker on Apr 14, 2021.
             Was an Elder of Trog.
             Slain by an orc warrior
             ... wielding a cursed -2 mace
              (6 damage)
             ... on level 6 of the Dungeon.
             The game lasted 00:19:34 (7000 turns).

dredge the Carver (Minotaur Berserker)              Turns: 7000, Time: 00:19:34

Health: -2/71      AC: 16    Str: 22    XL:     8   Next: 69%
Magic:  7/7        EV:  8    Int:  4    God:    Trog [****..]
Gold:   272        SH: 10    Dex: 12    Spells: 7/7 levels left

rFire    . . .     SeeInvis .   a - +0 falchion
rCold    + . .     Faith    .   z - +0 kite shield
rNeg     + . .     Spirit   .   s - +0 chain mail
rPois    +         Reflect  .   (helmet restricted)
rElec    .         Harm     .   l - +2 cloak {rPois}
rCorr    .         Rampage  .   (no gloves)
Will     .....                  d - +1 pair of boots
Stlth    ..........             f - amulet of the acrobat
HPRegen  0.21/turn              k - ring of protection from cold
MPRegen  0.10/turn              y - ring of positive energy

@: invisible
A: retaliatory headbutt, horns 2
a: Renounce Religion, Berserk, Trog's Hand, Brothers in Arms


You were on level 6 of the Dungeon.
You worshipped Trog.
Trog was greatly pleased with you.
You visited 1 branch of the dungeon, and saw 6 of its levels.

You collected 272 gold pieces.

Inventory:

Hand Weapons
 a - a +0 falchion (weapon)
 j - a +3 quarterstaff of chaos
Missiles
 x - a throwing net
Armour
 d - a +1 pair of boots (worn)
 l - a +2 cloak of poison resistance (worn)
 s - a +0 chain mail (worn)
 z - a +0 kite shield (worn)
Jewellery
 f - an amulet of the acrobat (around neck)
 k - a ring of protection from cold (left hand)
 y - a ring of positive energy (right hand)
Wands
 u - a wand of polymorph (7)
Scrolls
 e - 2 scrolls of teleportation {unknown}
 g - 6 scrolls of remove curse
 h - a scroll of enchant armour {unknown}
 q - 2 scrolls of fog {unknown}
Potions
 c - a potion of cancellation
 m - 2 potions of brilliance
 n - a potion of resistance
 o - a potion of heal wounds {unknown}
 p - a potion of ambrosia {unknown}
 v - a potion of attraction {unknown}
 w - a potion of lignification {unknown}


   Skills:
 + Level 6.6 Fighting
 + Level 8.2 Long Blades
 + Level 7.0 Armour
 + Level 3.9 Dodging
 - Level 0.4 Stealth
 + Level 5.4 Shields


You had 7 spell levels left.
You didn't know any spells.
Your spell library contained the following spells:

 Spells                   Type           Power        Failure   Level
 Sandblast                Erth           0%           100%        1
 Passwall                 Tmut/Erth      0%           100%        2
 Stone Arrow              Conj/Erth      0%           100%        3
 Petrify                  Tmut/Erth      0%           100%        4
 Lee's Rapid Deconstruct  Erth           0%           100%        5


Dungeon Overview and Level Annotations

Branches:
Dungeon (6/15)
 Temple: D:4-7

Altars:
Trog

Annotations:
D:5 1 runed translucent door


Innate Abilities, Weirdness & Mutations

You reflexively headbutt those who attack you in melee.
You have a pair of horns on your head.


Message History

The orc warrior hits you but does no damage.
You hit the orc warrior. Your headbutt misses the orc warrior.
The orc warrior is lightly wounded.
Something hits you but does no damage. You block the orc's attack.
The orc warrior hits you but does no damage.
You hit the orc warrior. You headbutt the orc warrior.
The orc warrior is heavily wounded.
Something hits you.
* * * LOW HITPOINT WARNING * * *
You hit the orc warrior. You headbutt the orc warrior.
The orc warrior is severely wounded.
The orc warrior hits you with a cursed -2 mace.
* * * LOW HITPOINT WARNING * * *
Something hits you but does no damage.
You fade into invisibility!
Something hits you but does no damage. x2; Something hits you.
* * * LOW HITPOINT WARNING * * *
The orc wizard hits you but does no damage.
The orc warrior hits you with a cursed -2 mace.
You die...

##.........#
.##.......##......
..##....###.......
...#######.......####
......#.............
......#............
.................#
)....###.......oo#
.....####....#.o@#
.....#...........#
.............#####
.........#####
..........#
..........#
..........#
..........#
.......<..#


You could see an orc warrior, an orc wizard and an orc.

Vanquished Creatures
  A soldier ant (D:5)
  A water moccasin (D:4)
  A phantom (D:4)
  An ice beast (D:6)
  3 ogres
  A gnoll sergeant (D:6)
  3 scorpions
  2 killer bees (D:5)
  A howler monkey (D:4)
  A bullfrog zombie (D:6)
  2 hounds (D:4)
  Crazy Yiuf (D:4)
  A bullfrog skeleton (D:4)
  2 orc wizards
  A centaur skeleton (D:4)
  Jessica (D:2)
  5 worker ants
  Robin (D:4)
  8 gnolls (D:6)
  7 adders
  An ufetubus (D:6)
  2 oozes
  5 worms
  2 dart slugs
  5 leopard geckos
  16 orcs
  6 bats
  9 giant cockroaches
  13 goblins
  9 hobgoblins
  5 jackals (D:4)
  4 kobolds
  2 quokkas
  4 frilled lizards
  A leopard gecko skeleton (D:4)
  9 rats
  A butterfly (D:5)
138 creatures vanquished.

Notes
Turn   | Place    | Note
-------+----------+-------------------------------------------
     0 | D:1      | dredge the Minotaur Berserker began the quest for the Orb.
     0 | D:1      | Reached XP level 1. HP: 19/19 MP: 0/0
   107 | D:1      | Reached skill level 4 in Long Blades
   107 | D:1      | Reached XP level 2. HP: 27/27 MP: 1/1
   662 | D:2      | Reached ** piety under Trog
   865 | D:2      | Reached XP level 3. HP: 27/33 MP: 2/2
   956 | D:2      | Noticed Jessica
   960 | D:2      | Killed Jessica
  1022 | D:2      | Reached XP level 4. HP: 41/41 MP: 3/3
  1664 | D:3      | Reached skill level 5 in Long Blades
  2487 | D:4      | Reached skill level 5 in Fighting
  2496 | D:4      | Reached XP level 5. HP: 21/48 MP: 4/4
  2500 | D:4      | Noticed an ogre
  2511 | D:4      | Killed an ogre
  2512 | D:4      | Reached XP level 6. HP: 42/56 MP: 5/5
  2786 | D:4      | Noticed Robin
  2799 | D:4      | Killed Robin
  2858 | D:4      | Reached skill level 1 in Shields
  2941 | D:4      | Noticed a water moccasin
  2956 | D:4      | Killed a water moccasin
  2957 | D:4      | Reached skill level 6 in Long Blades
  2957 | D:4      | Reached skill level 5 in Armour
  2968 | D:4      | Reached *** piety under Trog
  2969 | D:4      | Reached XP level 7. HP: 20/61 MP: 6/6
  3423 | D:4      | Found a runed translucent door.
  3424 | D:4      | Noticed Crazy Yiuf
  3438 | D:4      | Killed Crazy Yiuf
  4095 | D:5      | Entered Level 5 of the Dungeon
  4419 | D:5      | Found a runed translucent door.
  4422 | D:5      | Found a runed translucent door.
  4425 | D:5      | Reached skill level 7 in Long Blades
  4459 | D:5      | Reached XP level 8. HP: 47/70 MP: 7/7
  5033 | D:6      | Reached **** piety under Trog
  5038 | D:6      | Reached skill level 8 in Long Blades
  5385 | D:6      | Reached skill level 5 in Shields
  6049 | D:6      | Found a bloodstained altar of Trog.
  6049 | D:6      | Noticed a moth of wrath
  6593 | D:6      | HP: 3/71 [something (1)]
  7000 | D:6      | Slain by an orc warrior

Illustrated notes

Levels and vault maps discovered:
D:1:      elethiomel_arrival_quiet, layout_rooms, minmay_cut_off
D:2:      layout_loops_ring, uniq_jessica
D:3:      layout_basic
D:4:      layout_basic, st_stairs_14, chequers_hall_statues_y,
          uniq_crazy_yiuf_cottage, uniq_robin
D:5:      lemuel_insect_pit, layout_basic, lemuel_old_faithful
D:6:      layout_rooms, tgw_trog

Skill      XL: |  1  2  3  4  5  6  7  8 |
---------------+-------------------------+-----
Long Blades    | 4 5 6 7 8 |  8.2
Fighting       | 4 5 6 |  6.6
Armour         | 3 4 5 7 |  7.0
Shields        | 1 4 5 |  5.4
Dodging        | 3 |  3.9
Stealth        | |  0.4

Action                   |  1- 3 |  4- 6 |  7- 9 || total
-------------------------+-------+-------+-------++-------
Melee: Falchion          |    54 |   129 |   318 ||   501
       Headbutt          |    13 |    23 |    81 ||   117
Invok: Berserk           |       |     1 |       ||     1
       Trog's Hand       |       |     1 |       ||     1
  Use: Scroll            |       |       |     6 ||     6
       Potion            |       |       |     3 ||     3
Armor: Animal skin       |     1 |       |       ||     1
       Scale mail        |    13 |    21 |       ||    34
       Chain mail        |       |    31 |   354 ||   385
Dodge: Dodged            |    28 |    53 |   199 ||   280
Block: Kite shield       |       |    43 |   204 ||   247
       Rpst.: Falchion   |    10 |    12 |    23 ||    45
